 Dungeon Crawl Stone Soup version 0.21-a0-88-g13b9641 (webtiles) character file.

23 vev the Caller (level 2, -4/17 HPs)
             Began as an Octopode Summoner on June 28, 2017.
             Slain by a wyvern zombie (5 damage)
             ... on level 5 of the Dungeon.
             The game lasted 00:01:04 (114 turns).

vev the Caller (Octopode Summoner)                   Turns: 114, Time: 00:01:05

Health: -4/17      AC:  1    Str:  7    XL:     2   Next: 95%
Magic:  1/5        EV: 13    Int: 17    God:
Gold:   25         SH:  0    Dex: 12    Spells: 4/5 levels left

rFire    . . .     SeeInvis .   (no weapon)
rCold    + . .     Gourm    .   (no shield)
rNeg     . . .     Faith    .   (helmet restricted)
rPois    .         Spirit   .   (no amulet)
rElec    .         Reflect  .   d - ring of protection from cold
rCorr    .         Harm     .   (no ring)
MR       .....                  (no ring)
Stlth    +++.......             (no ring)
HPRegen  0.05/turn              (no ring)
MPRegen  0.09/turn              (no ring)
                                (no ring)
                                (no ring)

@: very slightly contaminated
A: almost no armour, stealthy swim, amphibious, 8 rings, constrict 8, camouflage
1, gelatinous body 1
a: no special abilities


You were on level 5 of the Dungeon.
You were not hungry.

You visited 1 branch of the dungeon, and saw 5 of its levels.

You collected 25 gold pieces.

Inventory:

Jewellery
 d - a ring of protection from cold (left tentacle)
Potions
 c - a potion of lignification {unknown}
Books
 a - a book of Callings

   Spells                             Type                      Level
   a - Summon Small Mammal            Summoning                    1
   b - Call Imp                       Summoning                    2
   c - Call Canine Familiar           Summoning                    3
   d - Summon Guardian Golem          Hexes/Summoning              3
   e - Summon Lightning Spire         Summoning/Air                4
   f - Summon Ice Beast               Ice/Summoning                4
Comestibles
 b - a bread ration


   Skills:
 - Level 2.0 Dodging
 + Level 3.7 Stealth
 - Level 2.0 Spellcasting
 + Level 4.4 Summonings


You had 4 spell levels left.
You knew the following spells:

 Your Spells              Type           Power        Failure   Level  Hunger
a - Summon Small Mammal   Summ           ###.         3%          1    #......


Dungeon Overview and Level Annotations

Branches:
Dungeon (5/15)
 Temple: D:4-7

Altars:


Innate Abilities, Weirdness & Mutations

You cannot wear most types of armour.
You are very stealthy in the water. (Stealth+)
You are amphibious.
You can wear up to eight rings at the same time.
You can use your tentacles to constrict eight enemies at once.
Your skin changes colour to match your surroundings (Stealth+).
Your rubbery body absorbs attacks. (AC +1, EV +1)


Message History

Your rat disappears in a puff of smoke!
Your bat hits the wyvern zombie but does no damage. x2
The wyvern zombie barely misses you.
You swap places.
Your bat hits the wyvern zombie but does no damage.
Your rat closely misses the wyvern zombie.
The wyvern zombie bites your rat.
Your rat dies!
Your rat's corpse disappears in a puff of smoke!
Casting: Summon Small Mammal
Confirm with . or Enter, or press ? or * to list all spells.
* * * LOW MAGIC WARNING * * *
Your bat hits the wyvern zombie but does no damage.
Your bat barely misses the wyvern zombie.
Your bat hits the wyvern zombie but does no damage.
The wyvern zombie misses you.
Your bat barely misses the wyvern zombie.
Your bat hits the wyvern zombie but does no damage.
The wyvern zombie bites you.
You die...

#.........###..
#.............
#..........###
#.........##
#.....[....###
#............#
#.......br##....
#.(......Z######
#.......$.@#
##########.#######
#....b..# ##.
#.......##...
#.......#..#
##........#
#......###
#......####.
####........


You could see a wyvern zombie, a friendly quokka and a friendly bat.

Vanquished Creatures
  A hobgoblin (D:2)
1 creature vanquished.

Vanquished Creatures (collateral kills)
  A bullfrog skeleton (D:5)
  A quokka (D:2)
  A ball python (D:5)
3 creatures vanquished.

Grand Total: 4 creatures vanquished

Notes
Turn   | Place    | Note
-------+----------+-------------------------------------------
     0 | D:1      | vev the Octopode Summoner began the quest for the Orb.
     0 | D:1      | Reached XP level 1. HP: 11/11 MP: 3/3
     6 | D:1      | Noticed a minotaur zombie
     8 | D:1      | Noticed a merfolk zombie
    13 | D:1      | Noticed a human
    15 | D:1      | Noticed a gargoyle
    17 | D:1      | Noticed an octopode
    78 | D:5      | Entered Level 5 of the Dungeon
    86 | D:5      | Reached skill level 3 in Stealth
    86 | D:5      | Reached XP level 2. HP: 8/17 MP: 0/5
   105 | D:5      | HP: 1/17 [wyvern zombie (7)]
   114 | D:5      | Slain by a wyvern zombie

Vault maps used:
D:1:      shiori_arrival_whats_in_store_for_you
D:2:      ashenzari_conservatory_becter, serial_undead, serial_undead_b,
          serial_undead_a, serial_undead_f, serial_undead_b, first_bread
D:3:      st_stairs_12
D:4:      minitemple, zin_academy, serial_shops, nicolae_shop_behind_doors,
          uniq_blork_the_orc, uniq_eustachio
D:5:      minmay_temple_entry_purple_smoke

Skill      XL: |  1 |
---------------+----+-----
Stealth        | 3 |  3.7
Dodging        | |  2.0
Spellcasting   | |  2.0
Summonings     | |  4.4

Action                   || total
-------------------------++-------
Melee: Unarmed           ||     9
       Constrict         ||     4
       Tentacles         ||     1
 Cast: Summon Small Mamm ||     6
  Use: Scroll            ||     1
 Stab: Sleeping          ||     1
Dodge: Dodged            ||     7
